General information
- name: BNet
- type: Ladder team game (AT/RT)
- host: Battle.net
- saver: KuKuKu
map: GolemsInTheMist
- players: 8
- length: 15:54
- speed: Fast
- version: 1.26 W3XP
- replay type: Public
» download(113 KB)
Players
team 1 (winner)
coro1 (
pink | 69 APM | 1099 actions | 15:54)
5 Demon Hunter
3 Mana Burn
2 Immolation
» actions
| Assign group hotkey | 25 | |
| Basic commands | 3 | |
| Build / train | 57 | |
| ESC pressed | 3 | |
| Enter build submenu | 20 | |
| Enter hero's abilities submenu | 6 | |
| Remove unit from queue | 1 | |
| Right click | 415 | |
| Select / deselect | 323 | |
| Select group hotkey | 185 | |
| Use ability | 61 | |
1099 total
» units
| Wisp | 22 | |
| Archer | 6 | |
| Dryad | 6 | |
| Druid of the Claw | 6 | |
40 total
» upgrades
| Druid of the Claw Training | 2 | |
| Reinforced Hides | 2 | |
| Strength of the Wild | 1 | |
| Mark of the Claw | 1 | |
| Abolish Magic | 1 | |
| Nature's Blessing | 1 | |
8 total
» buildings
| Altar of Elders | 1 | |
| Moon Well | 6 | |
| Ancient of War | 1 | |
| Tree of Ages | 1 | |
| Hunter's Hall | 1 | |
| Ancient of Lore | 2 | |
| Ancient Protector | 4 | |
| Tree of Eternity | 1 | |
| Ancient of Wonders | 2 | |
19 total
» build order
00:26 Altar of Elders
00:28 Moon Well
01:02 Ancient of War
01:22 Moon Well
02:42 Tree of Ages
03:36 Hunter's Hall
04:15 Moon Well
04:44 Moon Well
05:12 Ancient of Lore
05:13 Ancient of Lore
06:39 Ancient Protector
07:18 Tree of Eternity
07:57 Moon Well
13:32 Ancient of Wonders
13:34 Moon Well
14:32 Ancient Protector
14:33 Ancient Protector
14:40 Ancient Protector
15:00 Ancient of Wonders
lospepes (
red | 61 APM | 964 actions | 15:54)
5 Mountain King
3 Storm Bolt
2 Bash
3 Paladin
2 Holy Light
1 Devotion Aura
» actions
| Assign group hotkey | 17 | |
| Build / train | 44 | |
| Enter build submenu | 20 | |
| Enter hero's abilities submenu | 8 | |
| Give item / drop item | 1 | |
| Remove unit from queue | 2 | |
| Right click | 506 | |
| Select / deselect | 173 | |
| Select group hotkey | 153 | |
| Use ability | 40 | |
964 total
» units
| Peasant | 6 | |
| Rifleman | 12 | |
| Mortar Team | 3 | |
| Flying Machine | 1 | |
22 total
» upgrades
» buildings
| Altar of Kings | 1 | |
| Farm | 10 | |
| Barracks | 2 | |
| Blacksmith | 1 | |
| Arcane Vault | 1 | |
| Keep | 1 | |
| Workshop | 2 | |
| Lumber Mill | 1 | |
| Castle | 1 | |
20 total
» build order
00:07 Altar of Kings
00:11 Farm
00:41 Barracks
01:21 Blacksmith
01:34 Farm
02:02 Barracks
02:23 Farm
03:16 Farm
04:21 Farm
04:31 Arcane Vault
05:09 Keep
07:56 Workshop
08:09 Lumber Mill
08:16 Farm
11:18 Farm
11:21 Farm
12:18 Castle
12:21 Farm
12:22 Farm
14:24 Workshop
» items
| Scroll of Regeneration | 1 | |
| Lesser Clarity Potion | 1 | |
2 total
KuKuKu (
orange | 106 APM | 1679 actions | 15:54)
5 Blood Mage
3 Flame Strike
2 Siphon Mana
» actions
| Assign group hotkey | 54 | |
| Basic commands | 90 | |
| Build / train | 84 | |
| ESC pressed | 4 | |
| Enter build submenu | 21 | |
| Enter hero's abilities submenu | 5 | |
| Give item / drop item | 1 | |
| Right click | 668 | |
| Select / deselect | 192 | |
| Select group hotkey | 498 | |
| Use ability | 62 | |
1679 total
» units
| Peasant | 14 | |
| Footman | 10 | |
| Rifleman | 7 | |
| Goblin Shredder | 2 | |
| Sorceress | 1 | |
| Goblin Sapper | 3 | |
| Gryphon Rider | 1 | |
38 total
» upgrades
| Gunpowder | 3 | |
| Armor | 2 | |
| Masonry | 3 | |
| Long Rifles | 1 | |
| Lumber Harvesting | 1 | |
| Sorceress Training | 2 | |
| Magic Sentry | 1 | |
| Swords | 2 | |
| Storm Hammers | 1 | |
16 total
» buildings
| Altar of Kings | 1 | |
| Barracks | 1 | |
| Farm | 7 | |
| Blacksmith | 1 | |
| Arcane Vault | 1 | |
| Scout Tower | 2 | |
| Keep | 4 | |
| Lumber Mill | 1 | |
| Guard Tower | 3 | |
| Castle | 2 | |
| Arcane Sanctum | 1 | |
| Gryphon Aviary | 3 | |
27 total
» build order
00:08 Altar of Kings
00:09 Barracks
00:12 Farm
00:46 Farm
01:34 Farm
02:17 Blacksmith
02:53 Farm
03:49 Arcane Vault
03:58 Farm
04:59 Scout Tower
05:01 Scout Tower
05:56 Keep
05:56 Keep
06:00 Lumber Mill
07:06 Farm
07:12 Guard Tower
07:13 Guard Tower
07:13 Guard Tower
07:49 Farm
09:18 Castle
09:25 Arcane Sanctum
13:02 Gryphon Aviary
13:04 Gryphon Aviary
13:05 Gryphon Aviary
» items
| Scroll of Town Portal | 1 | |
| Staff of Sanctuary | 1 | |
| Orb of Fire | 1 | |
3 total
sistahaye67 (
purple | 28 APM | 440 actions | 15:54)
3 Demon Hunter
2 Evasion
1 Immolation
» actions
| Build / train | 43 | |
| Enter build submenu | 13 | |
| Enter hero's abilities submenu | 3 | |
| Right click | 233 | |
| Select / deselect | 130 | |
| Use ability | 18 | |
440 total
» units
| Wisp | 14 | |
| Archer | 11 | |
| Hippogryph | 5 | |
30 total
» upgrades
| Strength of the Moon | 2 | |
| Moon Armor | 2 | |
| Ultravision | 1 | |
| Hippogryph Taming | 1 | |
| Improved Bows | 1 | |
7 total
» buildings
| Altar of Elders | 1 | |
| Moon Well | 4 | |
| Ancient of War | 2 | |
| Ancient of Wonders | 1 | |
| Hunter's Hall | 1 | |
| Tree of Ages | 1 | |
| Ancient of Wind | 2 | |
| Tree of Life | 1 | |
13 total
» build order
00:15 Altar of Elders
00:18 Moon Well
01:02 Ancient of War
02:03 Moon Well
02:14 Ancient of Wonders
03:51 Moon Well
03:55 Hunter's Hall
04:27 Tree of Ages
04:54 Moon Well
06:52 Ancient of Wind
07:02 Ancient of Wind
11:00 Tree of Life
11:19 Ancient of War
» items
team 2 (loser)
MyEyesBurn (
yellow | 125 APM | 451 actions | 03:35)
2 Archmage
1 Summon Water Elemental
1 Brilliance Aura
» actions
| Assign group hotkey | 19 | |
| Basic commands | 14 | |
| Build / train | 18 | |
| Enter build submenu | 9 | |
| Enter hero's abilities submenu | 3 | |
| Remove unit from queue | 1 | |
| Right click | 113 | |
| Select / deselect | 70 | |
| Select group hotkey | 173 | |
| Use ability | 31 | |
451 total
» units
» buildings
| Farm | 4 | |
| Altar of Kings | 1 | |
| Barracks | 1 | |
| Scout Tower | 1 | |
| Arcane Tower | 1 | |
| Keep | 1 | |
| Arcane Vault | 1 | |
10 total
» build order
00:13 Farm
00:15 Altar of Kings
00:29 Barracks
00:55 Farm
01:37 Farm
01:53 Scout Tower
02:29 Arcane Tower
03:08 Keep
03:26 Farm
03:33 Arcane Vault

»
armadagedon (
green | 51 APM | 807 actions | 15:53)
3 Blademaster
2 Wind Walk
1 Critical Strike
1 Archmage
1 Summon Water Elemental
1 Death Knight
1 Unholy Aura
» actions
| Basic commands | 4 | |
| Build / train | 42 | |
| Enter build submenu | 23 | |
| Enter hero's abilities submenu | 5 | |
| Give item / drop item | 2 | |
| Remove unit from queue | 1 | |
| Right click | 399 | |
| Select / deselect | 222 | |
| Use ability | 109 | |
807 total
» units
| Peon | 7 | |
| Grunt | 4 | |
| Goblin Shredder | 1 | |
| Wind Rider | 3 | |
| Knight | 4 | |
| Peasant | 5 | |
24 total
» upgrades
| Ranged Weapons | 1 | |
| Armor | 1 | |
| Swords | 1 | |
| Plating | 1 | |
| Masonry | 1 | |
| Web | 1 | |
6 total
» buildings
| Altar of Storms | 1 | |
| Orc Burrow | 5 | |
| Barracks | 2 | |
| Voodoo Lounge | 1 | |
| War Mill | 2 | |
| Stronghold | 1 | |
| Farm | 5 | |
| Blacksmith | 1 | |
| Beastiary | 2 | |
| Castle | 1 | |
| Lumber Mill | 1 | |
| Spirit Tower | 2 | |
24 total
» build order
00:27 Altar of Storms
00:47 Orc Burrow
01:02 Barracks
01:57 Orc Burrow
02:11 Voodoo Lounge
02:32 War Mill
02:37 War Mill
03:23 Orc Burrow
04:17 Stronghold
04:53 Farm
04:54 Farm
05:03 Blacksmith
06:44 Beastiary
06:48 Beastiary
06:53 Orc Burrow
06:56 Orc Burrow
07:05 Castle
08:22 Barracks
08:28 Farm
08:30 Farm
08:31 Farm
10:20 Lumber Mill
15:45 Spirit Tower
15:46 Spirit Tower
» items
ToStrong (
teal | 40 APM | 627 actions | 15:49)
2 Blademaster
1 Wind Walk
1 Critical Strike
» actions
| Assign group hotkey | 10 | |
| Basic commands | 2 | |
| Build / train | 42 | |
| Enter build submenu | 13 | |
| Enter hero's abilities submenu | 3 | |
| Remove unit from queue | 2 | |
| Right click | 367 | |
| Select / deselect | 117 | |
| Select group hotkey | 29 | |
| Use ability | 42 | |
627 total
» units
» upgrades
| Armor | 1 | |
| Melee Weapons | 2 | |
| Pillage | 1 | |
| Ensnare | 1 | |
5 total
» buildings
| Orc Burrow | 6 | |
| Altar of Storms | 1 | |
| Voodoo Lounge | 1 | |
| Stronghold | 1 | |
| War Mill | 1 | |
| Beastiary | 2 | |
| Fortress | 1 | |
13 total
» build order
00:21 Orc Burrow
01:06 Orc Burrow
01:28 Altar of Storms
02:11 Voodoo Lounge
02:55 Stronghold
03:03 War Mill
03:25 Orc Burrow
05:20 Beastiary
05:26 Beastiary
06:41 Fortress
08:15 Orc Burrow
09:12 Orc Burrow
09:55 Orc Burrow
» items
| Healing Salve | 1 | |
| Lesser Clarity Potion | 1 | |
| Scroll of Speed | 1 | |
| Scroll of Regeneration | 1 | |
4 total
CAVEMANPITEKO (
blue | 112 APM | 1457 actions | 13:00)
3 Death Knight
2 Death Coil
1 Unholy Aura
1 Lich
1 Frost Nova
» actions
| Assign group hotkey | 26 | |
| Basic commands | 37 | |
| Build / train | 40 | |
| Enter build submenu | 13 | |
| Enter hero's abilities submenu | 4 | |
| Right click | 630 | |
| Select / deselect | 319 | |
| Select group hotkey | 345 | |
| Use ability | 43 | |
1457 total
» units
| Acolyte | 4 | |
| Ghoul | 2 | |
| Crypt Fiend | 16 | |
| Obsidian Statue | 5 | |
27 total
» upgrades
| Creature Attack | 1 | |
| Burrow | 1 | |
| Destroyer Form | 1 | |
3 total
» buildings
| Graveyard | 1 | |
| Crypt | 1 | |
| Altar of Darkness | 1 | |
| Ziggurat | 5 | |
| Tomb of Relics | 1 | |
| Halls of the Dead | 1 | |
| Slaughterhouse | 1 | |
| Black Citadel | 1 | |
12 total
» build order
00:06 Graveyard
00:10 Crypt
00:40 Altar of Darkness
00:55 Ziggurat
01:35 Tomb of Relics
02:06 Ziggurat
03:33 Halls of the Dead
04:26 Ziggurat
06:29 Slaughterhouse
07:05 Ziggurat
07:07 Black Citadel
08:34 Ziggurat
» items
| Rod of Necromancy | 1 | |
| Scroll of Town Portal | 1 | |
2 total
Chat log
(00:11 / Allies) coro1: lets rush
(00:20 / Allies) KuKuKu: Why
(00:23 / Allies) sistahaye67: k
(00:25 / Allies) lospepes: k
(00:27 / Allies) KuKuKu: lol
(03:29 / Allies) lospepes: werer to?
(03:29 / Allies) sistahaye67: wnat help
(03:35 / All) KuKuKu: wtf stop lagging asshole
(04:08 / Allies) coro1: rdy?
(04:12 / Allies) lospepes: yea
(04:12 / Allies) KuKuKu: I'm
(04:21 / Allies) coro1: lets go
(04:35 / Allies) coro1: i will make dryads bears later
(04:39 / Allies) KuKuKu: k
(06:03 / Allies) coro1: b
(06:10 / Allies) coro1: b
(06:59 / Allies) coro1: ?
(07:06 / Allies) coro1: are they coming?
(07:11 / Allies) lospepes: na
(07:31 / Allies) coro1: what units?
(07:49 / Allies) coro1: check expos first
(10:43 / All) CAVEMANPITEKO: lol you n00bs sux
(10:49 / All) KuKuKu: Oh?
(10:52 / All) CAVEMANPITEKO: Retarded n00bs
(10:56 / Allies) coro1: carefull with raiders
(11:17 / All) CAVEMANPITEKO: you guys are horrible at this game
(11:21 / All) CAVEMANPITEKO: please quit
(11:22 / All) CAVEMANPITEKO: n00bs
(11:22 / All) KuKuKu: well we seem to be winning
(11:27 / All) CAVEMANPITEKO: rolf
(11:30 / All) lospepes: stfu blue you suck
(11:31 / All) KuKuKu: rolf?
(11:36 / All) CAVEMANPITEKO: 2x4 pathethic n00b
(12:24 / All) CAVEMANPITEKO: tc guys oj has rifles LOL
(12:38 / All) KuKuKu: it's all I need against players like you
(12:47 / All) CAVEMANPITEKO: yOU DO SUCK DUDE TRUST ME
(12:51 / All) KuKuKu: ok
(13:29 / All) KuKuKu: nice try
(13:57 / Allies) coro1: u suck teal
(13:58 / Allies) coro1: leat
(14:00 / Allies) coro1: leave
(14:09 / Allies) KuKuKu: wrong chat lawl
(15:12 / All) KuKuKu: yeah go after my base dumbass
(15:30 / All) KuKuKu: free xp!